cohdb
Replays
Latest Replays
All Replays
Popular Replays
Top Player Replays
Match Explorer
How It Works
Community
CoH3 Stats
Reddit
Sign in to upload your games and track your stats! →
Sign in with Steam
Match 45722078
Unlisted
Match 45722078
Overview
Messages
Build Orders
End
Construct Infanterie Kompanie
Kettenkrad Recon Vehicle
Selects Breakthrough Battlegroup
Selects Assault Grenadiers
MG 42 Machine Gun Team
Grenadier Squad
Grenadier Squad
Construct Panzergrenadier Kompanie
MG 42 Machine Gun Team
Selects Assault Grenadiers
Grenadier Squad
251 Medium Carrier
Grenadier Squad
Selects Smoke Bombing Run
Selects Incendiary Bombing Run
MG 42 Machine Gun Team
Construct Panzer Kompanie
Stoßtruppen Squad
Selects 2.5-tonne Cargo Truck
Selects Rapid Production
Selects Blitzkrieg
Panzer IV Medium Tank
Stoßtruppen Squad
Incendiary Bombing Run
Panzer IV Medium Tank
Pak 40 Anti-tank Gun Team
Panzer IV Medium Tank
Pak 40 Anti-tank Gun Team
Pioneer Squad
Selects Tiger Heavy Tank
위험지역 총알택시
Seocheon
Esxile
threestars
0
0
Comments
sign in to comment!
No comments posted yet!